 Dungeon Crawl Stone Soup version 0.24.0-1-gfbc8707122 (webtiles) character file.

Game seed: 1586538884478622965, levelgen mode: deterministic

90 MTVSty1e the Chopper (level 4, -4/39 HPs)
             Began as a Minotaur Fighter on Oct 28, 2019.
             Slain by a gnoll
             ... wielding a +0 halberd
              (8 damage)
             ... on level 2 of the Dungeon.
             The game lasted 00:00:42 (967 turns).

MTVSty1e the Chopper (Minotaur Fighter)              Turns: 967, Time: 00:00:43

Health: -4/39      AC:  6    Str: 27    XL:     4   Next: 32%
Magic:  3/3        EV:  7    Int:  5    God:
Gold:   76         SH: 10    Dex:  9    Spells: 3/3 levels left

rFire    . . .     SeeInvis .   a - +0 war axe
rCold    . . .     Gourm    .   c - +0 shield
rNeg     . . .     Faith    .   b - +0 scale mail
rPois    .         Spirit   .   (helmet restricted)
rElec    .         Reflect  .   (no cloak)
rCorr    .         Harm     .   (no gloves)
MR       .....                  (no boots)
Stlth    ..........             (no amulet)
HPRegen  0.13/turn              (no ring)
MPRegen  0.08/turn              (no ring)

@: mighty
A: retaliatory headbutt, horns 2
a: no special abilities


You were on level 2 of the Dungeon.
You were not hungry.

You visited 1 branch of the dungeon, and saw 2 of its levels.

You collected 76 gold pieces.

Inventory:

Hand Weapons
 a - a +0 war axe (weapon)
Armour
 b - a +0 scale mail (worn)
 c - a +0 shield (worn)
Scrolls
 i - a scroll of amnesia {unknown}
 l - a scroll of identify {unknown}
Potions
 e - a potion of curing {unknown}
 g - a potion of cancellation {unknown}
 h - a potion of invisibility {unknown}
 j - a potion of flight {unknown}
 k - a potion of lignification {unknown}
Comestibles
 f - 6 rations


   Skills:
 - Level 3.6 Fighting
 + Level 5.6 Axes
 - Level 3.6 Armour
 - Level 3.6 Shields


You had 3 spell levels left.
You didn't know any spells.
Your spell library was empty.

Dungeon Overview and Level Annotations

Branches:
Dungeon (2/15)

Altars:


Innate Abilities, Weirdness & Mutations

You reflexively headbutt those who attack you in melee.
You have a pair of horns on your head.


Message History

The gnoll completely misses you. You block the gnoll's attack.
You hit the gnoll.
You kill the gnoll!
You hit the gnoll. x2; You block the gnoll's attack.
The gnoll completely misses you. You furiously retaliate!
You headbutt the gnoll!
You kill the gnoll!
The gnoll barely misses you.
Your shield and scale mail prevent you from hitting the gnoll.
Your headbutt misses the gnoll.
The gnoll is moderately wounded.
The gnoll hits you but does no damage.
You closely miss the gnoll.
The gnoll is moderately wounded.
The gnoll hits you with a +0 halberd.
* * * LOW HITPOINT WARNING * * *
You barely miss the gnoll. Your headbutt misses the gnoll.
The gnoll is moderately wounded.
The gnoll hits you with a +0 halberd!
You die...

..#.############
#.#............#+##
#<##..............#
####..............#
..##..............##
####...............# #
#.........?.†?..# #
#.............)..##
..#.....[......†@)..#
..#..............g......
........................
..##.............?......
..# #########.........#
..# #........##
#######.## .>


You could see a gnoll.

Vanquished Creatures
  3 adders (D:2)
  3 gnolls (D:2)
  2 oozes (D:2)
  A leopard gecko (D:2)
  3 bats
  A hobgoblin (D:2)
  4 jackals (D:2)
  A frilled lizard (D:2)
  4 goblins
  4 kobolds
  A rat (D:2)
27 creatures vanquished.

Notes
Turn   | Place    | Note
-------+----------+-------------------------------------------
     0 | D:1      | MTVSty1e the Minotaur Fighter began the quest for the Orb.
     0 | D:1      | Reached XP level 1. HP: 19/19 MP: 0/0
   445 | D:1      | Reached skill level 3 in Axes
   691 | D:2      | Reached XP level 2. HP: 26/26 MP: 1/1
   712 | D:2      | Reached skill level 4 in Axes
   788 | D:2      | Reached XP level 3. HP: 27/31 MP: 2/2
   954 | D:2      | Reached skill level 5 in Axes
   957 | D:2      | Reached XP level 4. HP: 36/39 MP: 3/3
   967 | D:2      | Slain by a gnoll

Levels and vault maps discovered:
D:1:      lemuel_arrival_cross, layout_basic
D:2:      layout_basic, nrook_loot_triangle

Skill      XL: |  1  2  3 |
---------------+----------+-----
Axes           | 3 4 5 |  5.6
Fighting       | |  3.6
Armour         | |  3.6
Shields        | |  3.6

Action                   |  1- 3 |  4- 6 || total
-------------------------+-------+-------++-------
Melee: War axe           |    50 |     8 ||    58
       Headbutt          |     5 |     1 ||     6
  Use: Potion            |       |     1 ||     1
Armor: Scale mail        |    24 |     4 ||    28
Dodge: Dodged            |    25 |    10 ||    35
Block: Shield            |    40 |    10 ||    50
